 Dungeon Crawl Stone Soup version 0.20-a0-1065-g8446734 (webtiles) character file.

956 JiminyCricket the Fighter (level 7, -2/103 HPs)
             Began as a Minotaur Berserker on Apr 28, 2017.
             Was a Priest of Trog.
             Slain by an orc warrior
             ... wielding a +0 scimitar
              (7 damage)
             ... on level 6 of the Dungeon.
             The game lasted 00:11:24 (2391 turns).

JiminyCricket the Fighter (Minotaur Berserker)      Turns: 2391, Time: 00:11:25

Health: -2/103     AC: 11    Str: 29    XL:     7   Next: 91%
Magic:  6/6        EV: 10    Int:  4    God:    Trog [***...]
Gold:   128        SH:  0    Dex: 14    Spells: 6/6 levels left

rFire    . . .     SeeInvis .   g - +0 broad axe
rCold    . . .     Gourm    .   (no shield)
rNeg     . . .     Faith    .   z - +0 chain mail
rPois    .         Spirit   .   (helmet restricted)
rElec    .         Reflect  .   (no cloak)
rCorr    .         Harm     .   (no gloves)
MR       .....                  (no boots)
Stlth    ..........             d - amulet of regeneration
Regen    0.7/turn               q - +5 ring of dexterity
MPRegen  0.1/turn               o - +2 ring of protection (curse)

@: berserking, very quick
A: retaliatory headbutt, horns 2
a: Berserk, Trog's Hand, Burn Spellbooks, Renounce Religion


You were on level 6 of the Dungeon.
You worshipped Trog.
Trog was most pleased with you.
You were hungry.

You visited 1 branch of the dungeon, and saw 5 of its levels.

You collected 128 gold pieces.

Inventory:

Hand Weapons
 g - a +0 broad axe (weapon)
 u - a +3 flail
Armour
 z - a +0 chain mail (worn)
Jewellery
 d - an amulet of regeneration (around neck)
 k - a +4 ring of intelligence
 m - an uncursed amulet of the gourmand
 o - a cursed +2 ring of protection (right hand)
 q - a +5 ring of dexterity (left hand)
 s - an uncursed ring of protection from cold
Wands
 x - a wand of acid (8/15)
Scrolls
 a - a scroll of amnesia {unknown}
 b - 4 scrolls of magic mapping {unknown}
 e - 5 scrolls of remove curse {unknown}
 h - 2 scrolls of enchant weapon {unknown}
 i - 6 scrolls of identify {unknown}
 j - 4 scrolls of recharging {unknown}
 n - 2 scrolls of noise {unknown}
 w - 3 scrolls of immolation {unknown}
 y - a scroll of blinking {unknown}
Potions
 f - 3 potions of ambrosia {unknown}
 l - 2 potions of haste {unknown}
 r - a potion of heal wounds {unknown}
 t - a potion of invisibility {unknown}
Comestibles
 c - 6 bread rations
 p - 13 chunks of flesh
 v - a meat ration


   Skills:
 * Level 8.4 Fighting
 + Level 6.2(6.7) Axes
 + Level 3.9(5.6) Maces & Flails
 + Level 4.8 Armour
 - Level 2.1 Dodging


You had 6 spell levels left.
You didn't know any spells.

Dungeon Overview and Level Annotations

Branches:
Dungeon (6/15)             Temple (0/1) D:6

Altars:
Cheibriados
Elyvilon
Xom
Yredelemnul


Innate Abilities, Weirdness & Mutations

You reflexively headbutt those who attack you in melee.
You have a pair of horns on your head.


Message History

You hit the orc warrior.
The orc warrior hits you with a scimitar!!
Items here: ) [ †† a dagger; a robe; an orc corpse x2
You closely miss the orc warrior. Your headbutt misses the orc warrior.
The orc warrior is moderately wounded.
The orc warrior hits you with a scimitar!
You hit the orc warrior. Your headbutt misses the orc warrior.
The orc warrior is heavily wounded.
The orc warrior hits you with a scimitar!
* * * LOW HITPOINT WARNING * * *
You barely miss the orc warrior.
The orc warrior is heavily wounded.
The orc warrior hits you with a scimitar!
* * * LOW HITPOINT WARNING * * *
A red film seems to cover your vision as you go berserk!
You feel yourself moving faster!
You feel mighty!
You are feeling hungry.
The orc warrior hits you with a scimitar!
You die...

.# ###...####.# .# #..##
#.# #...# ...## #.# ..8#
#.########.##############
..>.. #.
....#.............<#
..8...
...################
...... ... #...... #.#
#...... #.# #@# #
......#.# #o# # #.....#.#
##†# # #.....#.+ #..# #
#.....#.#####..# #
#...##........#
####..[##....#####.
#..................#
..##...##..........#


You could see an orc warrior.

Vanquished Creatures
  The ghost of AlphabetPasta the Firebug, a novice HaFE of Sif Muna (D:5)
  A phantom (D:5)
  A centaur (D:5)
  A howler monkey (D:6)
  2 crimson imps (D:5)
  3 hounds
  3 orc wizards
  2 iguanas (D:5)
  2 worker ants (D:5)
  A worker ant zombie (D:5)
  6 gnolls (D:6)
  3 adders
  3 dart slugs
  4 leopard geckos
  11 orcs
  3 giant cockroaches
  3 goblins
  5 hobgoblins
  11 jackals
  3 bats
  5 frilled lizards
  A jackal skeleton (D:5)
  3 kobolds
  A quokka zombie (D:5)
  4 rats
83 creatures vanquished.

Notes
Turn   | Place    | Note
-------+----------+-------------------------------------------
     0 | D:1      | JiminyCricket the Minotaur Berserker began the quest for the Orb.
     0 | D:1      | Reached XP level 1. HP: 19/19 MP: 0/0
   139 | D:1      | Reached skill level 4 in Fighting
   201 | D:1      | Reached XP level 2. HP: 27/27 MP: 1/1
   626 | D:2      | Reached XP level 3. HP: 35/35 MP: 2/2
   648 | D:2      | Reached ** piety under Trog
   648 | D:2      | Reached skill level 5 in Fighting
  1248 | D:3      | Found a shimmering altar of Xom.
  1249 | D:3      | Found a shimmering altar of Xom.
  1251 | D:3      | You fall through a shaft for 2 floors!
  1251 | D:5      | Entered Level 5 of the Dungeon
  1258 | D:5      | Reached XP level 4. HP: 42/42 MP: 3/3
  1395 | D:5      | Reached skill level 6 in Fighting
  1395 | D:5      | Reached XP level 5. HP: 32/50 MP: 4/4
  1400 | D:5      | Reached skill level 1 in Maces & Flails
  1580 | D:5      | Noticed a centaur
  1589 | D:5      | Killed a centaur
  1589 | D:5      | Reached XP level 6. HP: 27/58 MP: 5/5
  1711 | D:5      | Reached skill level 5 in Axes
  1844 | D:5      | Noticed AlphabetPasta's ghost (novice HaFE)
  1855 | D:5      | Killed AlphabetPasta's ghost
  1855 | D:5      | Reached skill level 7 in Fighting
  1855 | D:5      | Reached XP level 7. HP: 57/66 MP: 6/6
  1974 | D:5      | Found a basalt altar of Yredelemnul.
  2052 | D:5      | Found a snail-covered altar of Cheibriados.
  2205 | D:6      | Found a white marble altar of Elyvilon.
  2222 | D:6      | Reached skill level 8 in Fighting
  2240 | D:6      | Found a staircase to the Ecumenical Temple.
  2257 | D:6      | Reached *** piety under Trog
  2390 | D:6      | HP: 3/69 [orc warrior/scimitar (9)]
  2391 | D:6      | Slain by an orc warrior

Vault maps used:
D:1:      minmay_arrival_cross, minmay_circled_x
D:2:      minmay_pentomino_q2
D:3:      xom_redecorated
D:5:      yredelemnul_altar_generic, marbit_many_paths, first_bread
D:6:      elyvilon_altar_4, chequers_temple_overflow_statue_of_worship,
          temple_statues, kennysheep_nondescript, uniq_eustachio

Skill      XL: |  1  2  3  4  5  6  7 |
---------------+----------------------+-----
Fighting       | 4 5 6 7 8 |  8.4
Axes           | 4 5 6 |  6.2
Maces & Flails | 1 2 3 |  3.9
Armour         | 3 4 |  4.8
Dodging        | |  2.1

Action                   |  1- 3 |  4- 6 |  7- 9 || total
-------------------------+-------+-------+-------++-------
Melee: Hand axe          |    73 |     5 |       ||    78
       Headbutt          |     6 |    11 |    13 ||    30
       Flail             |       |    17 |       ||    17
       Broad axe         |       |    30 |    42 ||    72
Invok: Berserk           |       |     1 |     1 ||     2
  Eat: Chunk             |     1 |     2 |     3 ||     6
Armor: Ring mail         |    23 |     2 |       ||    25
       Animal skin       |     2 |       |       ||     2
       Scale mail        |       |    27 |     9 ||    36
       Chain mail        |       |       |     3 ||     3
Dodge: Dodged            |    57 |    45 |    37 ||   139
